 Dungeon Crawl Stone Soup version 0.24-a0-487-g57318f2ed0 (webtiles) character file.

Game seed: 3236296690022515553

3360 PgLoLo the Martial Artist (level 10, -1/88 HPs)
             Began as a Gnoll Transmuter on July 11, 2019.
             Was a Follower of Cheibriados.
             Killed from afar by an electric eel (5 damage)
             ... with a bolt of electricity
             ... on level 9 of the Dungeon.
             The game lasted 00:29:48 (11995 turns).

PgLoLo the Martial Artist (Gnoll Transmuter)       Turns: 11995, Time: 00:29:48

Health: -1/88      AC:  6    Str: 15    XL:     10   Next: 3%
Magic:  13/20      EV: 15    Int: 21    God:    Cheibriados [*.....]
Gold:   572        SH:  0    Dex: 20    Spells: 13/23 levels left

rFire    x . .     SeeInvis .     - Unarmed
rCold    + + +     Gourm    .   (shield currently unavailable)
rNeg     . . .     Faith    .   (armour currently unavailable)
rPois    +         Spirit   .   (helmet currently unavailable)
rElec    .         Reflect  .   (cloak currently unavailable)
rCorr    .         Harm     .   (gloves currently unavailable)
MR       .....                  (boots currently unavailable)
Stlth    +++.......             (no amulet)
HPRegen  0.24/turn              t - ring of wizardry
MPRegen  0.17/turn              m - +3 ring of dexterity

@: lethally poisoned (-1 -> -1), ice-form, very slow
A: large, distributed training, strong nose
a: End Transformation, Bend Time, Renounce Religion


You were on level 9 of the Dungeon.
You worshipped Cheibriados.
Cheibriados was aware of your devotion.
You were not hungry.
You were a creature of crystalline ice.
You visited 2 branches of the dungeon, and saw 10 of its levels.

You collected 572 gold pieces.

Inventory:

Hand Weapons
 a - a +2 flail of draining
 b - a +0 hunting sling (melded)
 L - a +0 spear
 M - a +0 hand crossbow
Missiles
 e - 317 stones (quivered)
 f - 74 arrows
 j - 8 javelins
 D - 77 sling bullets
Armour
 q - a +3 leather armour (melded)
 z - a +0 cloak (melded)
 H - a +1 helmet (melded)
 Q - a cursed +0 buckler
Jewellery
 g - an uncursed ring of teleportation
 m - a +3 ring of dexterity (right front paw)
 t - a ring of wizardry (left front paw)
 w - an uncursed ring of magical power
 F - an uncursed ring of see invisible
 I - an uncursed ring of resist corrosion
 K - an uncursed ring of protection from fire
Wands
 u - a wand of flame (27)
 A - a wand of enslavement (11)
 O - a wand of scattershot (5)
Scrolls
 h - 3 scrolls of enchant weapon
 i - 2 scrolls of remove curse
 l - a scroll of enchant armour
 p - 2 scrolls of noise
 y - a scroll of magic mapping
 B - 2 scrolls of amnesia
 E - 3 scrolls of teleportation
 G - a scroll of fear
 J - a scroll of summoning {unknown}
 N - 2 scrolls of immolation
 P - a scroll of identify
Potions
 c - 3 potions of flight
 n - 3 potions of agility
 r - a potion of curing
 s - a potion of lignification
 v - 2 potions of heal wounds
 x - a potion of might
 C - a potion of magic {unknown}
Comestibles
 d - 11 rations


   Skills:
 + Level 5.4 Fighting
 + Level 4.7 Short Blades
 + Level 4.7 Long Blades
 + Level 4.7 Axes
 + Level 4.7 Maces & Flails
 + Level 4.7 Polearms
 + Level 4.7 Staves
 + Level 4.7 Slings
 + Level 4.7 Bows
 + Level 4.7 Crossbows
 + Level 4.7 Throwing
 + Level 4.7 Armour
 + Level 6.6 Dodging
 + Level 4.7 Stealth
 + Level 4.7 Shields
 + Level 8.2 Unarmed Combat
 + Level 7.0 Spellcasting
 + Level 3.9 Conjurations
 + Level 3.9 Hexes
 + Level 3.9 Charms
 + Level 3.9 Summonings
 + Level 3.9 Necromancy
 + Level 3.9 Translocations
 + Level 5.5 Transmutations
 + Level 3.9 Fire Magic
 + Level 3.9 Ice Magic
 + Level 3.9 Air Magic
 + Level 3.9 Earth Magic
 + Level 3.9 Poison Magic
 + Level 5.2 Invocations
 + Level 4.7 Evocations


You had 13 spell levels left.
You knew the following spells:

 Your Spells              Type           Power        Failure   Level  Hunger
a - Ice Form              Ice/Tmut       ####....     5%          4    ###....
b - Beastly Appendage     Tmut           ####..       1%          1    None
c - Spider Form           Tmut/Pois      ####......   1%          3    #......
s - Sticks to Snakes      Tmut           ####....     1%          2    None

Your spell library contained the following spells:

 Spells                   Type           Power        Failure   Level  Hunger
 Blade Hands              Tmut           ####......   11%         5    #####..


Dungeon Overview and Level Annotations

Branches:
Dungeon (9/15)             Temple (1/1) D:4
   Lair: D:8-11         Orc: D:9-12

Altars:
Ashenzari
Cheibriados
Dithmenos
Elyvilon
Fedhas
Hepliaklqana
Kikubaaqudgha
Makhleb
Nemelex Xobeh
Okawaru
Qazlal
Ru
Sif Muna
Trog
Uskayaw
Vehumet
Wu Jian
Xom
Yredelemnul
Zin
The Shining One

Shops:
D:4 [

Annotations:
D:6 3 runed translucent doors, PeterQ's ghost, novice GnAs; Titania's ghost, novice GrEE; waddelsworth's ghost, novice MiBe


Innate Abilities, Weirdness & Mutations

Your experience applies equally to all skills.
((You have very sharp teeth.))
Your uncanny sense of smell can sniff out nearby items.


Message History

Cheibriados is now slowing and strengthening your metabolism.
Cheibriados raises the support of your attributes as your movement slows.
The electric eel shoots out a bolt of lightning at you!
The bolt of electricity misses you.
The electric eel shoots out a bolt of lightning at you!
The bolt of electricity misses you.
Casting: Ice Form (safe; 5% risk of failure)
Confirm with . or Enter, or press ? or * to list all spells.
You create a snake!
You now have 74 arrows.
The electric eel shoots out a bolt of lightning at you!
The bolt of electricity hits you!
* * * LOW HITPOINT WARNING * * *
You feel sick.
The electric eel shoots out a bolt of lightning at you!
The bolt of electricity hits your adder!
Your adder dies!
The bolt of electricity misses you.
The electric eel shoots out a bolt of lightning at you!
The bolt of electricity hits you.
You die...

#.......≈≈#
#>......≈≈##############
#.......≈≈≈≈≈≈≈≈≈≈≈≈≈≈≈≈
#.......;;≈≈≈≈≈≈≈≈≈≈≈≈≈≈
#......)..........
#.......#.....####
#†#####.#..#......
#.####.....####.##
#Y##....##.......#
#.##....##.####..# ∆
#.......##.#.....#
####....##.#.....#
#....##.#.....#
#....##.#...>.# #....#
.#.....# #....# #<....#
#.....#


You could see 2 electric eels.

Vanquished Creatures
  A two-headed ogre (D:8)
  A wyvern (D:9)
  3 ogres
  A phantom (D:4)
  4 orc warriors
  A centaur (D:7)
  7 bullfrogs
  A big kobold (D:7)
  A gnoll sergeant (D:8)
  A killer bee (D:9)
  2 crimson imps
  A jelly (D:6)
  3 orc wizards
  A bullfrog zombie (D:7)
  A hound (D:7)
  3 centaur skeletons
  6 orc priests
  3 iguanas
  A worker ant (D:4)
  A hound zombie (D:5)
  A mummy (D:7)
  A howler monkey zombie (D:7)
  4 gnolls
  11 adders
  A shadow imp (D:6)
  2 oozes
  2 adder zombies
  An adder skeleton (D:4)
  3 worms
  2 dart slugs
  A leopard gecko (D:6)
  25 orcs
  7 giant cockroaches
  6 goblins
  9 hobgoblins
  8 jackals
  3 quokkas
  4 bats
  9 frilled lizards
  A giant cockroach zombie (D:6)
  14 kobolds
  A leopard gecko skeleton (D:5)
  A leopard gecko zombie (D:6)
  2 quokka skeletons (D:7)
  4 rats
166 creatures vanquished.

Vanquished Creatures (collateral kills)
  Sigmund (D:6)
  An ogre (D:6)
  A crimson imp (D:6)
  An orc priest (D:6)
  2 orc wizards
  Terence (D:3)
  A worm (D:3)
  3 orcs
11 creatures vanquished.

Grand Total: 177 creatures vanquished

Notes
Turn   | Place    | Note
-------+----------+-------------------------------------------
     0 | D:1      | PgLoLo the Gnoll Transmuter began the quest for the Orb.
     0 | D:1      | Reached XP level 1. HP: 17/17 MP: 6/6
   400 | D:1      | Reached XP level 2. HP: 20/23 MP: 5/7
   676 | D:1      | Learned a level 2 spell: Sticks to Snakes
  1268 | D:2      | Reached skill level 5 in Spellcasting
  1268 | D:2      | Reached XP level 3. HP: 27/28 MP: 6/9
  1296 | D:2      | Learned a level 3 spell: Spider Form
  1323 | D:2      | Reached skill level 1 in Invocations
  1446 | D:2      | Found a shimmering altar of Xom.
  1448 | D:2      | Found a hazy altar of Hepliaklqana.
  1449 | D:2      | Noticed a spectral ugly thing
  1466 | D:2      | Found a sparkling altar of Nemelex Xobeh.
  1534 | D:2      | Reached skill level 1 in Short Blades
  1534 | D:2      | Reached skill level 1 in Long Blades
  1534 | D:2      | Reached skill level 1 in Axes
  1534 | D:2      | Reached skill level 1 in Maces & Flails
  1534 | D:2      | Reached skill level 1 in Polearms
  1534 | D:2      | Reached skill level 1 in Staves
  1534 | D:2      | Reached skill level 1 in Slings
  1534 | D:2      | Reached skill level 1 in Bows
  1534 | D:2      | Reached skill level 1 in Crossbows
  1534 | D:2      | Reached skill level 1 in Throwing
  1534 | D:2      | Reached skill level 1 in Armour
  1534 | D:2      | Reached skill level 1 in Stealth
  1534 | D:2      | Reached skill level 1 in Shields
  1534 | D:2      | Reached skill level 1 in Evocations
  1570 | D:2      | Reached XP level 4. HP: 34/34 MP: 9/11
  1582 | D:2      | Learned a level 4 spell: Ice Form
  2571 | D:3      | Noticed Terence
  2617 | D:3      | Killed Terence
  2617 | D:3      | Reached skill level 1 in Conjurations
  2617 | D:3      | Reached skill level 1 in Hexes
  2617 | D:3      | Reached skill level 1 in Charms
  2617 | D:3      | Reached skill level 1 in Summonings
  2617 | D:3      | Reached skill level 1 in Necromancy
  2617 | D:3      | Reached skill level 1 in Translocations
  2617 | D:3      | Reached skill level 1 in Fire Magic
  2617 | D:3      | Reached skill level 1 in Ice Magic
  2617 | D:3      | Reached skill level 1 in Air Magic
  2617 | D:3      | Reached skill level 1 in Earth Magic
  2617 | D:3      | Reached skill level 1 in Poison Magic
  2993 | D:3      | Reached XP level 5. HP: 32/40 MP: 12/12
  3337 | D:3      | Found a basalt altar of Yredelemnul.
  4453 | D:4      | Found a staircase to the Ecumenical Temple.
  4454 | D:4      | Noticed a phantom
  4469 | D:4      | Reached XP level 6. HP: 35/47 MP: 13/13
  4509 | D:4      | Killed a phantom
  4509 | D:4      | Reached skill level 5 in Dodging
  4514 | Temple   | Entered the Ecumenical Temple
  5080 | D:4      | Reached XP level 7. HP: 51/52 MP: 15/15
  5117 | D:4      | Found Apryathrar's Antique Armour Boutique.
  5163 | D:5      | Entered Level 5 of the Dungeon
  5652 | D:5      | Reached skill level 7 in Unarmed Combat
  6370 | D:6      | Found a shattered altar of Ashenzari.
  6920 | D:6      | Reached XP level 8. HP: 60/60 MP: 16/16
  7308 | D:6      | Noticed Sigmund
  7740 | D:6      | Found a runed translucent gate.
  7740 | D:6      | Found a runed translucent gate.
  7740 | D:6      | Found a runed translucent gate.
  7756 | D:6      | Noticed PeterQ's ghost (novice GnAs)
  7756 | D:6      | Noticed waddelsworth's ghost (novice MiBe)
  7756 | D:6      | Noticed Titania's ghost (novice GrEE)
  7913 | D:6      | Killed Sigmund
  8967 | D:7      | Found a burning altar of Makhleb.
  9126 | D:7      | Found a blossoming altar of Fedhas.
  9243 | D:7      | Found a snail-covered altar of Cheibriados.
  9265 | D:7      | Became a worshipper of Cheibriados the Contemplative
  9380 | D:7      | Found a shattered altar of Ashenzari.
  9417 | D:7      | Reached XP level 9. HP: 64/66 MP: 18/18
  9591 | D:8      | Noticed a two-headed ogre
  9609 | D:7      | Reached skill level 5 in Transmutations
 10692 | D:8      | Killed a two-headed ogre
 10692 | D:8      | Reached skill level 5 in Fighting
 10692 | D:8      | Reached skill level 8 in Unarmed Combat
 10692 | D:8      | Reached skill level 5 in Invocations
 10699 | D:8      | Reached * piety under Cheibriados
 11221 | D:8      | Found a radiant altar of Vehumet.
 11227 | D:8      | Found a white marble altar of Elyvilon.
 11230 | D:8      | Found a glowing silver altar of Zin.
 11231 | D:8      | Found an ornate altar of the Wu Jian Council.
 11756 | D:9      | Reached XP level 10. HP: 44/74 MP: 15/20
 11995 | D:9      | HP: 4/88 [poisoned by a killer bee]
 11995 | D:9      | Killed from afar by an electric eel

Levels and vault maps discovered:
D:1:      dpeg_arrival_tiny_h, layout_loops_ring, minmay_small_reverse_x
D:2:      layout_loops_cross, regret_index_temple_of_mockery,
          nemelex_xobeh_ov_fountains_minmay, first_ration, grunt_ministairs_10,
          chequers_decorated_corner
D:3:      layout_loops_corners, marbit_many_paths, uniq_terence
D:4:      layout_basic, minmay_temple_entry_mini_moons, serial_shops,
          nicolae_shop_trees
D:5:      layout_layer_cave
D:6:      layout_cave_pods, overflow_temple_1_default, gammafunk_ghost_cemetery,
          uniq_sigmund
D:7:      layout_loops_corners, slow_altar_2, fedhas_altar_4,
          kennysheep_little_box, grunt_ministairs_8, cheibrodos_ashenzari_chains
D:8:      layout_loops_ring, minitemple
D:9:      layout_basic, overflow_temple_1_default, erik_orc_2, grunt_livestock
Temple:   jpeg_temple_island

Skill      XL: |  1  2  3  4  5  6  7  8  9 |
---------------+----------------------------+-----
Spellcasting   | 5 6 7 |  7.0
Invocations    | 1 2 3 4 5 |  5.2
Short Blades   | 1 2 3 4 |  4.7
Long Blades    | 1 2 3 4 |  4.7
Axes           | 1 2 3 4 |  4.7
Maces & Flails | 1 2 3 4 |  4.7
Polearms       | 1 2 3 4 |  4.7
Staves         | 1 2 3 4 |  4.7
Slings         | 1 2 3 4 |  4.7
Bows           | 1 2 3 4 |  4.7
Crossbows      | 1 2 3 4 |  4.7
Throwing       | 1 2 3 4 |  4.7
Armour         | 1 2 3 4 |  4.7
Stealth        | 1 2 3 4 |  4.7
Shields        | 1 2 3 4 |  4.7
Evocations     | 1 2 3 4 |  4.7
Conjurations   | 1 2 3 |  3.9
Hexes          | 1 2 3 |  3.9
Charms         | 1 2 3 |  3.9
Summonings     | 1 2 3 |  3.9
Necromancy     | 1 2 3 |  3.9
Translocations | 1 2 3 |  3.9
Fire Magic     | 1 2 3 |  3.9
Ice Magic      | 1 2 3 |  3.9
Air Magic      | 1 2 3 |  3.9
Earth Magic    | 1 2 3 |  3.9
Poison Magic   | 1 2 3 |  3.9
Fighting       | 3 4 5 |  5.4
Transmutations | 4 5 |  5.5
Dodging        | 5 6 |  6.6
Unarmed Combat | 7 8 |  8.2

Action                   |  1- 3 |  4- 6 |  7- 9 | 10-12 || total
-------------------------+-------+-------+-------+-------++-------
Melee: Unarmed           |    11 |    48 |   152 |     2 ||   213
       Dagger            |    82 |    11 |       |       ||    93
       Headbutt          |    16 |     1 |       |       ||    17
       Bite              |    14 |     8 |    22 |       ||    44
       Kick              |     9 |    16 |     8 |       ||    33
       Spear             |       |    84 |   248 |       ||   332
       Long sword        |       |    11 |       |       ||    11
       Punch             |       |     1 |     6 |       ||     7
 Fire: Hunting sling     |       |    12 |    92 |     7 ||   111
 Cast: Beastly Appendage |    16 |    17 |     6 |       ||    39
       Sticks to Snakes  |       |     8 |    22 |     2 ||    32
       Spider Form       |       |     8 |    10 |       ||    18
       Ice Form          |       |       |    15 |     1 ||    16
 Abil: End Transformatio |       |       |     1 |       ||     1
  Use: Scroll            |       |     7 |    10 |       ||    17
 Stab: Sleeping          |       |     2 |     4 |       ||     6
  Eat: Chunk             |     2 |     8 |    18 |       ||    28
       Ration            |       |     1 |     1 |     1 ||     3
Armor: Robe              |     1 |       |       |       ||     1
       Leather armour    |    11 |    22 |    63 |       ||    96
       Skin              |       |     4 |    20 |     1 ||    25
Dodge: Dodged            |    62 |   101 |   296 |     9 ||   468
       Rpst.: Long sword |       |     2 |       |       ||     2

Table legend:
 A = Non-vault XP
 B = Vault XP
 C = Vault XP percentage of total XP
 D = Non-vault monster count
 E = Vault monster count
 F = Vault count percentage of total count
                 A         B        C        D         E       F
            +---------+---------+-------+---------+---------+-------
      Total |    4314 |     487 |  10.1 |     158 |      19 |  10.7
            +---------+---------+-------+---------+---------+-------
        D:1 |      26 |       7 |  21.2 |      17 |       4 |  19.0
        D:2 |      75 |       3 |   3.8 |      16 |       2 |  11.1
        D:3 |      46 |      19 |  29.2 |      19 |       2 |   9.5
        D:4 |     443 |       0 |   0.0 |      25 |       0 |   0.0
        D:5 |     156 |       0 |   0.0 |      13 |       0 |   0.0
        D:6 |     861 |     159 |  15.6 |      29 |       1 |   3.3
        D:7 |     827 |     123 |  12.9 |      17 |       8 |  32.0
        D:8 |    1623 |     133 |   7.6 |      20 |       1 |   4.8
        D:9 |     257 |      43 |  14.3 |       2 |       1 |  33.3
            +---------+---------+-------+---------+---------+-------
